 Dungeon Crawl Stone Soup version 0.27.1 (webtiles) character file.

Game seed: 14101876899036598761

1622 axiom the Cleaver (level 8, -2/71 HPs)
             Began as a Minotaur Berserker on Sept 2, 2021.
             Was a Priest of Trog.
             Killed by divine providence
             ... invoked by an orc priest
              (13 damage)
             ... on level 5 of the Dungeon.
             The game lasted 00:28:07 (5801 turns).

axiom the Cleaver (Minotaur Berserker)              Turns: 5801, Time: 00:28:07

Health: -2/71      AC: 10    Str: 24    XL:     8   Next: 65%
Magic:  7/7        EV: 10    Int:  4    God:    Trog [***...]
Gold:   134        SH:  0    Dex: 10    Spells: 7/7 levels left

rFire    . . .     SeeInvis .   a - +0 hand axe
rCold    . . .     Faith    .   (no shield)
rNeg     . . .     Spirit   .   c - +0 chain mail
rPois    .         Reflect  .   (helmet restricted)
rElec    .         Harm     .   (no cloak)
rCorr    .         Rampage  .   (no gloves)
Will     .....                  (no boots)
Stlth    ..........             (no amulet)
HPRegen  0.21/turn              (no ring)
MPRegen  0.10/turn              (no ring)

@: no status effects
A: horns 2, retaliatory headbutt
a: Renounce Religion, Berserk, Trog's Hand


You were on level 5 of the Dungeon.
You worshipped Trog.
Trog was most pleased with you.
You visited 1 branch of the dungeon, and saw 5 of its levels.

You collected 134 gold pieces.

Inventory:

Hand Weapons
 a - a +0 hand axe (weapon)
 s - a +3 flail
 t - a +2 halberd of flaming
Missiles
 f - 101 stones (quivered)
Armour
 b - a +0 animal skin
 c - a +0 chain mail (worn)
Jewellery
 n - a ring of flight
 p - a +6 ring of dexterity
 r - a +6 ring of dexterity
 y - a +6 ring of strength
Wands
 u - a wand of mindburst (11)
 w - a wand of acid (5)
 z - a wand of polymorph (7)
Scrolls
 e - 2 scrolls of silence
 h - 2 scrolls of brand weapon {unknown}
 j - 3 scrolls of teleportation {unknown}
 k - 2 scrolls of enchant armour {unknown}
 l - a scroll of fog {unknown}
 o - 2 scrolls of identify {unknown}
 q - 2 scrolls of torment {unknown}
 A - a scroll of immolation {unknown}
Potions
 d - 2 potions of invisibility {unknown}
 g - 3 potions of heal wounds {unknown}
 i - a potion of lignification {unknown}
 m - 3 potions of mutation {unknown}
 v - a potion of cancellation {unknown}
 x - a potion of haste {unknown}


   Skills:
 + Level 6.8 Fighting
 * Level 9.0 Axes
 + Level 6.5 Armour
 + Level 5.7 Dodging


You had 7 spell levels left.
You didn't know any spells.
Your spell library was empty.

Dungeon Overview and Level Annotations

Branches:
Dungeon (5/15)             Temple (0/1) D:5

Altars:

Shops:
D:1 !


Innate Abilities, Weirdness & Mutations

You have a pair of horns on your head.
You reflexively headbutt those who attack you in melee.


Message History

You hear some strange, mumbled words.
A puff of flame appears from out of thin air!
The puff of flame hits you but does no damage.
You feel sick. The adder bites you but does no damage.
Something hits you but does no damage.
You are more poisoned.
You completely miss something. You headbutt something. You miss the adder.
You feel sick. The adder closely misses you.
An orc comes into view. It is wielding a +0 hand axe.
You hear some strange, mumbled words.
A puff of flame appears from out of thin air!
The puff of flame hits you but does no damage.
You feel less confused.
You feel sick. The adder barely misses you. You furiously retaliate!
You headbutt the adder.
You feel sick. The adder barely misses you.
The orc wizard casts a spell.
The orc wizard flickers and vanishes!
You feel sick.
The orc priest miscasts a cantrip.
You feel sick.
You feel sick.
The orc priest invokes the aid of Beogh against you.
Pain shoots through your body!
* * * LOW HITPOINT WARNING * * *
The adder bites you but does no damage.
You feel sick.
The orc priest invokes the aid of Beogh against you.
Beogh smites you!
* * * LOW HITPOINT WARNING * * *
You feel sick.
You are no longer poisoned.
The adder closely misses you. You furiously retaliate!
You headbutt the adder!
You kill the adder!
Trog accepts your kill.
An orc wizard appears from thin air!
Reactivating autopickup.
The orc priest invokes the aid of Beogh against you.
Beogh smites you!
You die...

#.........#
##.........#
#.......###
#.#######÷#
#....#### #.# #.##
......####### #.#
#..# ............#
#.# ##.##
..(.........# #.#
#..#
............#####
#.# ##)#
................###
#.# #..
............###.@.#
#.# #.#
............#
###.###.# #######'#
####........#
#.o##.###........
...#........#
##o.....#........
...#........#
#..o...#......♣.
...##########
#......#...... .
...# #......#...♣..
...# #......#...♣
####
#......)...♣♣♣♣


You could see an orc priest, an orc wizard and an orc.

Vanquished Creatures
  Grinder (D:4)
  A steam dragon (D:4)
  A sky beast (D:5)
  A necrophage (D:5)
  A centaur (D:5)
  2 phantoms (D:5)
  A water moccasin zombie (D:5)
  2 scorpions (D:5)
  3 wights (D:4)
  2 water moccasin skeletons
  A bullfrog zombie (D:5)
  A hound (D:5)
  3 jellies
  Crazy Yiuf (D:2)
  An orc priest (D:5)
  A centaur skeleton (D:3)
  Ijyb (D:4)
  Terence (D:1)
  Natasha (thrice) (D:2)
  A howler monkey skeleton (D:5)
  8 adders
  A shadow imp (D:5)
  An adder skeleton (D:4)
  3 worms
  A dart slug (D:3)
  5 ball pythons
  4 endoplasms
  A giant cockroach (D:3)
  6 goblins
  6 hobgoblins
  7 quokkas
  6 bats
  2 frilled lizards (D:1)
  8 kobolds
  2 rats (D:1)
90 creatures vanquished.

Vanquished Creatures (others)
  A demonic plant (D:3)
  4 fungi (D:3)
  6 plants (D:3)
  A withered plant (D:3)
12 creatures vanquished.

Grand Total: 102 creatures vanquished

Notes
Turn   | Place    | Note
-------+----------+-------------------------------------------
     0 | D:1      | axiom the Minotaur Berserker began the quest for the Orb.
     0 | D:1      | Reached XP level 1. HP: 19/19 MP: 0/0
   170 | D:1      | Found Jaro Pid's Distillery.
   202 | D:1      | Reached XP level 2. HP: 27/27 MP: 1/1
   774 | D:1      | Reached skill level 4 in Axes
   826 | D:2      | Noticed Terence
   827 | D:2      | Noticed Natasha
   874 | D:2      | Reached ** piety under Trog
   959 | D:2      | Reached XP level 3. HP: 33/33 MP: 2/2
  1088 | D:2      | Killed Natasha
  1145 | D:2      | Noticed Natasha
  1157 | D:2      | Killed Natasha
  1158 | D:2      | Reached XP level 4. HP: 40/40 MP: 3/3
  1208 | D:2      | Noticed Natasha
  1223 | D:2      | Killed Natasha
  1471 | D:1      | Killed Terence
  1472 | D:1      | Reached skill level 5 in Axes
  1472 | D:1      | Reached XP level 5. HP: 47/47 MP: 4/4
  1792 | D:2      | Found a runed translucent door.
  1793 | D:2      | Noticed Crazy Yiuf
  1837 | D:2      | Killed Crazy Yiuf
  2414 | D:3      | Found a faded altar of an unknown god.
  2438 | D:3      | Reached XP level 6. HP: 55/55 MP: 5/5
  3343 | D:4      | Reached skill level 5 in Fighting
  3343 | D:4      | Reached skill level 6 in Axes
  3443 | D:4      | You fall into a shaft and drop 1 floor!
  3443 | D:5      | Entered Level 5 of the Dungeon
  3492 | D:5      | Reached XP level 7. HP: 37/61 MP: 6/6
  3496 | D:5      | Reached skill level 5 in Armour
  3685 | D:5      | Found a staircase to the Ecumenical Temple.
  3741 | D:5      | Reached skill level 7 in Axes
  4129 | D:4      | Noticed Grinder
  4129 | D:4      | Paralysed by Grinder for 5 turns
  4138 | D:4      | Paralysed by Grinder for 2 turns
  4139 | D:4      | Noticed a steam dragon
  4144 | D:4      | Paralysed by Grinder for 5 turns
  4152 | D:4      | Killed a steam dragon
  4153 | D:4      | Paralysed by Grinder for 6 turns
  4160 | D:4      | Paralysed by Grinder for 3 turns
  4214 | D:4      | Killed Grinder
  4215 | D:4      | Reached skill level 5 in Dodging
  4215 | D:4      | Reached XP level 8. HP: 49/70 MP: 7/7
  4383 | D:4      | Reached skill level 8 in Axes
  5109 | D:5      | Noticed Ijyb
  5118 | D:4      | Killed Ijyb
  5646 | D:5      | Reached *** piety under Trog
  5774 | D:5      | Reached skill level 9 in Axes
  5801 | D:5      | Killed from afar by an orc priest

Illustrated notes

Levels and vault maps discovered:
D:1:      minmay_arrival_checkered_box, layout_basic, serial_shops, shop,
          hangedman_feature_mirror
D:2:      layout_rooms, uniq_natasha, uniq_crazy_yiuf_cottage, uniq_terence
D:3:      layout_loops_cross, shapermc_ecumenical_altar_gd
D:4:      layout_basic, uniq_grinder
D:5:      layout_rooms, minmay_temple_entry_sparse_star,
          kennysheep_generic_room_16, uniq_ijyb

Skill      XL: |  1  2  3  4  5  6  7  8 |
---------------+-------------------------+-----
Armour         | 3 4 5 6 |  6.5
Axes           | 4 5 6 7 9 |  9.0
Fighting       | 4 5 6 |  6.8
Dodging        | 3 4 5 |  5.7

Action                   |  1- 3 |  4- 6 |  7- 9 || total
-------------------------+-------+-------+-------++-------
Melee: Hand axe          |    55 |   116 |   111 ||   282
       Headbutt          |     5 |    22 |    25 ||    52
Throw: Stone             |    19 |    62 |    14 ||    95
Invok: Berserk           |     3 |     4 |     4 ||    11
       Trog's Hand       |     1 |       |     1 ||     2
  Use: Scroll            |       |     1 |       ||     1
Armor: Chain mail        |    23 |    43 |    48 ||   114
Dodge: Dodged            |    21 |    34 |    39 ||    94
